 Dungeon Crawl Stone Soup version 0.28-a0-233-gb8ca4b6547 (webtiles) character file.

Game seed: 1296239222437292806

88 willcat the Sneak (level 4, -4/25 (28) HPs)
             Began as a Kobold Delver on Aug 23, 2021.
             Slain by a necrophage (7 damage)
             ... on level 6 of the Dungeon.
             The game lasted 00:03:05 (1583 turns).

willcat the Sneak (Kobold Delver)                   Turns: 1583, Time: 00:03:06

HP:   -4/25 (28)    AC:  3    Str:  9    XL:     4   Next: 82%
MP:   4/4           EV: 15    Int: 11    God:
Gold: 36            SH:  0    Dex: 17    Spells: 3/3 levels left

rFire   . . .      SeeInvis .   e - +0 short sword (speed)
rCold   . . .      Faith    .   (shield restricted)
rNeg    . . .      Spirit   .   b - +0 leather armour
rPois   .          Reflect  .   (no helmet)
rElec   .          Harm     .   (no cloak)
rCorr   .          Rampage  .   (no gloves)
Will    .....                   (no boots)
Stlth   +++++.....              (no amulet)
HPRegen 0.08/turn               (no ring)
MPRegen 0.09/turn               (no ring)

@: heavily drained
A: small, no large weapons, nightstalker 3
a: no special abilities


You were on level 6 of the Dungeon.
You visited 1 branch of the dungeon, and saw 2 of its levels.

You collected 36 gold pieces.

Inventory:

Hand Weapons
 e - a +0 short sword of speed (weapon)
Armour
 b - a +0 leather armour (worn)
Wands
 g - a wand of digging (3)
 i - a wand of polymorph (10)
Scrolls
 a - a scroll of immolation
 c - a scroll of fog
 d - a scroll of magic mapping
 j - a scroll of amnesia
 k - a scroll of torment {unknown}
Potions
 f - a potion of haste


   Skills:
 - Level 3.2 Fighting
 + Level 4.1 Short Blades
 + Level 3.7 Dodging
 + Level 7.5 Stealth


You had 3 spell levels left.
You didn't know any spells.
Your spell library was empty.

Dungeon Overview and Level Annotations

Branches:
Dungeon (6/15)
 Temple: D:4-7

Altars:
Wu Jian


Innate Abilities, Weirdness & Mutations

You are small and have problems with some larger weapons.
You are completely attuned to the shadows.


Message History

You hit the necrophage.
The necrophage is heavily damaged.
The necrophage hits you but does no damage.
Unknown command.
Okay, then.
You hit the necrophage but do no damage.
The necrophage is heavily damaged.
The necrophage completely misses you.
You completely miss the necrophage.
The necrophage is heavily damaged.
Unknown command.
You hit the necrophage.
The necrophage is severely damaged.
The necrophage misses you.
Unknown command.
You hit the necrophage but do no damage.
The necrophage is severely damaged.
Unknown command.
You barely miss the necrophage.
The necrophage is severely damaged.
The necrophage barely misses you.
Unknown command.
You barely miss the necrophage.
The necrophage is severely damaged.
The necrophage completely misses you.
Unknown command.
You closely miss the necrophage.
The necrophage is severely damaged.
You barely miss the necrophage.
The necrophage is severely damaged.
The necrophage hits you.
* * * LOW HITPOINT WARNING * * *
You feel drained.
You hit the necrophage.
The necrophage is severely damaged.
Unknown command.
You hit the necrophage.
The necrophage is severely damaged.
The necrophage hits you!
You die...

#..................
..#....#.##.....###
# ######.########
..........#
......######
...#.......##
##.#.##.....# #
#.##.....# #.
#..@..# #..n..#
####.... .... #...


You could see a necrophage.

Vanquished Creatures
  A hound (D:5)
  A bullfrog skeleton (D:6)
  3 adders (D:5)
  An orc (D:5)
6 creatures vanquished.

Notes
Turn   | Place    | Note
-------+----------+-------------------------------------------
     0 | D:5      | willcat the Kobold Delver began the quest for the Orb.
     0 | D:5      | Reached XP level 1. HP: 14/14 MP: 1/1
    50 | D:5      | Reached XP level 2. HP: 14/19 MP: 2/2
   421 | D:5      | Reached XP level 3. HP: 18/23 MP: 3/3
   546 | D:5      | Reached skill level 7 in Stealth
   546 | D:5      | Reached XP level 4. HP: 5/28 MP: 4/4
   742 | D:5      | Noticed an ice beast
  1375 | D:6      | Found an ornate altar of the Wu Jian Council.
  1378 | D:6      | Noticed a scorpion
  1561 | D:6      | Noticed a necrophage
  1583 | D:6      | Slain by a necrophage

Illustrated notes

Levels and vault maps discovered:
D:5:      layout_cave_pools, serial_shops, shop, biasface_ghost_orc_armoury
D:6:      layout_basic, slow_altar_2, nicolae_wu_jian_wuxing_cycle,
          minmay_temple_entry_slanted

Skill      XL: |  1  2  3  4 |
---------------+-------------+-----
Short Blades   | 3 4 |  4.1
Dodging        | 3 |  3.7
Stealth        | 7 |  7.5
Fighting       | |  3.2

Action                   |  1- 3 |  4- 6 || total
-------------------------+-------+-------++-------
Melee: Short sword       |    43 |    50 ||    93
  Use: Scroll            |       |     3 ||     3
Armor: Leather armour    |    12 |     4 ||    16
Dodge: Dodged            |    31 |    21 ||    52

Table legend: (Time is in decaauts)
 A = Elapsed time spent in this place.
 B = Non-inter-level travel time spent in this place.
 C = Inter-level travel time spent in this place.
 D = Time resting spent in this place.
 E = Time spent auto-exploring this place.
 F = Levels seen in this place.
 G = Mean time per level.
                   A        B        C        D        E       F      G
               +--------+--------+--------+--------+--------+-----+--------+
         Total |   1560 |   1560 |      0 |    908 |    121 |   2 |  780.0 |
       Dungeon |   1560 |   1560 |      0 |    908 |    121 |   2 |  780.0 |
               +--------+--------+--------+--------+--------+-----+--------+

Top non-repeatable levels by time:
     D:5: 1229 daAuts
     D:6: 330 daAuts
